 Dungeon Crawl Stone Soup version 0.31.0-11-ge490571c62 (webtiles) character file.

Game seed: 7144660387151982912

860 browni3141 the Chopper (level 7, -4/63 HPs)
             Began as a Minotaur Fighter on Jan 28, 2024.
             Slain by an orc priest
             ... wielding a +0 falchion
              (6 damage)
             ... on level 5 of the Dungeon.
             The game lasted 00:01:34 (3602 turns).

browni3141 the Chopper (Minotaur Fighter)           Turns: 3602, Time: 00:01:34

Health: -4/63      AC:  7    Str: 23    XL:     7   Next: 71%
Magic:  6/6        EV:  9    Int:  5    God:
Gold:   160        SH:  5    Dex:  9    Spells: 6/6 levels left

rFire   . . .        a - +0 war axe
rCold   . . .        c - +0 buckler
rNeg    . . .        b - +0 scale mail
rPois   .            (helmet restricted)
rElec   .            (no cloak)
rCorr   .            (no gloves)
SInv    .            (no boots)
Will    .....        (no amulet) Stlth
                     (no ring)
HPRegen 0.30/turn    (no ring)
MPRegen 0.10/turn

%: no passive effects
@: no status effects
A: horns 2, retaliatory headbutt
a: no special abilities


You were on level 5 of the Dungeon.
You visited 1 branch of the dungeon, and saw 5 of its levels.

You collected 160 gold pieces.

Inventory:

Hand Weapons
 a - a +0 war axe (weapon)
Missiles
 f - 2 boomerangs (quivered)
Armour
 b - a +0 scale mail (worn)
 c - a +0 buckler (worn)
Jewellery
 g - an amulet of magic regeneration
 i - a +6 ring of intelligence
Wands
 n - a wand of charming (7)
 q - a wand of flame (10)
Scrolls
 h - 5 scrolls of teleportation {unknown}
 k - 4 scrolls of identify {unknown}
 l - a scroll of revelation {unknown}
 m - 2 scrolls of immolation {unknown}
Potions
 d - 2 potions of might
 e - 3 potions of heal wounds {unknown}
 j - a potion of lignification {unknown}
 o - a potion of enlightenment {unknown}
 p - 2 potions of degeneration {unknown}


   Skills:
 + Level 6.0 Fighting
 * Level 7.0 Axes
 + Level 5.9 Armour
 + Level 5.9 Shields


You had 6 spell levels left.
You didn't know any spells.
Your spell library contained the following spells:

 Spells                   Type           Power      Damage    Failure   Level
 Freeze                   Ice            0%         1d3       83%         1
 Call Imp                 Summ           0%         N/A       92%         2
 Sublimation of Blood     Necr           0%         N/A       92%         2
 Frozen Ramparts          Ice            0%         1d1       99%         3
 Hailstorm                Conj/Ice       0%         3d5       99%         3
 Summon Hydra             Summ           0%         N/A       100%        7


Dungeon Overview and Level Annotations

Branches:
Dungeon (5/15)
 Temple: D:4-7

Altars:
Makhleb
Nemelex Xobeh

Shops:
D:3 :


Innate Abilities, Weirdness & Mutations

You have a pair of horns on your head.
You reflexively headbutt those who attack you in melee.


Message History

The puff of flame hits you!
You are too confused!
You barely miss the orc wizard.
The orc wizard hits you with a +0 dagger.
An orc comes into view. It is wielding a +0 club.
The orc wizard hits you but does no damage.
You are too confused!
You closely miss the orc wizard.
The orc shouts!
You headbutt the orc wizard!
The orc wizard is heavily wounded.
The orc wizard hits you but does no damage.
You are too confused!
You completely miss the orc wizard. Your headbutt misses the orc wizard.
The orc wizard is heavily wounded.
You bump into the rock wall.
You feel less confused.
You barely miss the orc wizard. You block the orc wizard's attack.
You slash the orc wizard! Your headbutt misses the orc wizard.
The orc wizard is severely wounded.
The orc wizard hits you but does no damage.
You closely miss the orc wizard. Your headbutt misses the orc wizard.
The orc wizard is severely wounded.
The orc wizard mumbles some strange words.
The orc wizard flickers and vanishes!
Deactivating autopickup; reactivate with Ctrl-A.
The orc wizard points at you and mumbles some strange words.
You resist with some effort.
The orc wizard hits you with a +0 dagger.
You slash the orc wizard!
You kill the orc wizard!
The orc throws a boomerang.
The boomerang hits you but does no damage.
You closely miss something. Something hits you but does no damage.
You hit something. Your headbutt misses something.
Something hits you but does no damage.
You miss something. Something hits you but does no damage.
You slash something!
Reactivating autopickup.
You feel a bit more experienced. The orc completely misses you.
Your Fighting skill increases to level 6!
You barely miss the orc. The orc barely misses you. You furiously retaliate!
You headbutt the orc. You hit the orc.
You kill the orc!
The orc throws a boomerang.
The boomerang closely misses you. The orc hits you with a +3 flail.
Items here: ))) [[ ††.
You slash the orc!
The orc is almost dead.
The orc hits you with a +3 flail.
You closely miss the orc.
The orc is almost dead.
The orc priest casts a cantrip, but nothing happens.
The orc barely misses you.
You closely miss the orc. Your headbutt misses the orc.
The orc is severely wounded.
The orc hits you with a +3 flail.
You slash the orc!
You kill the orc!
The orc closely misses you. You furiously retaliate!
You headbutt the orc.
Your Axes skill increases to level 7!
You closely miss the orc. You headbutt the orc.
You kill the orc!
You barely miss the orc priest. You headbutt the orc priest.
The orc priest is lightly wounded.
The orc priest hits you with a +0 falchion.
You barely miss the orc priest.
The orc priest is lightly wounded.
The orc priest hits you but does no damage.
You hit the orc priest but do no damage.
The orc priest is lightly wounded.
The orc priest hits you with a +0 falchion.
You hit the orc priest but do no damage.
Your headbutt misses the orc priest.
The orc priest is lightly wounded.
The orc priest closely misses you.
You hit the orc priest.
The orc priest is moderately wounded.
The orc priest hits you with a +0 falchion.
The orc priest mumbles some strange prayers to Beogh against you.
Beogh smites you!
You hit the orc priest but do no damage.
Your headbutt misses the orc priest.
The orc priest is moderately wounded.
The orc priest hits you but does no damage.
You hit the orc priest but do no damage.
Your headbutt misses the orc priest.
The orc priest is moderately wounded.
The orc priest mumbles some strange prayers to Beogh against you.
Pain shoots through your body!
You hit the orc priest. Your headbutt misses the orc priest.
The orc priest is heavily wounded.
The orc priest barely misses you.
You are too injured to fight recklessly!
You hit the orc priest but do no damage.
You headbutt the orc priest.
The orc priest is severely wounded.
The orc priest hits you with a +0 falchion.
You die...

########## .$.......#
### .........
#........... .....
#...###
......####...#######
.....lo@...........#
......######.......#####
...<. #............ ....
#.........###†. ...
###...........# ..
#.......##### .
#.......#####
#...........#
#........##.#


You could see an iguana and an orc priest.

Vanquished Creatures
  A wyvern (D:5)
  An ice beast (D:5)
  A scorpion (D:4)
  A jelly (D:5)
  2 orc priests
  4 bombardier beetles
  3 hounds
  Jessica (D:3)
  An iguana (D:4)
  2 orc wizards (D:5)
  5 adders
  A white imp (D:5)
  A ribbon worm (D:4)
  2 dart slugs
  12 orcs
  6 ball pythons
  9 endoplasms
  3 giant cockroaches (D:4)
  6 goblins
  3 hobgoblins
  4 jackals (D:4)
  4 quokkas
  3 bats
  2 frilled lizards
  8 kobolds
  8 rats
94 creatures vanquished.

Notes
Turn   | Place    | Note
-------+----------+-------------------------------------------
     0 | D:1      | browni3141 the Minotaur Fighter began the quest for the
                  | Orb.
     0 | D:1      | Reached XP level 1. HP: 19/19 MP: 0/0
   145 | D:1      | Reached XP level 2. HP: 8/27 MP: 1/1
   258 | D:1      | Reached skill level 3 in Axes
   644 | D:2      | Reached XP level 3. HP: 30/33 MP: 2/2
   988 | D:2      | Reached XP level 4. HP: 40/40 MP: 3/3
  1223 | D:3      | Found a burning altar of Makhleb.
  1323 | D:3      | Found Tosulag's Book Boutique.
  1663 | D:3      | Noticed Jessica
  1675 | D:3      | Killed Jessica
  1676 | D:3      | Reached skill level 4 in Axes
  1843 | D:3      | Found a sparkling altar of Nemelex Xobeh.
  2028 | D:4      | Noticed a steam dragon
  2041 | D:3      | Reached XP level 5. HP: 47/47 MP: 4/4
  2359 | D:4      | Reached skill level 5 in Axes
  2625 | D:4      | Reached skill level 5 in Fighting
  2625 | D:4      | Reached XP level 6. HP: 47/56 MP: 5/5
  2703 | D:4      | Reached skill level 5 in Shields
  3066 | D:4      | Reached skill level 5 in Armour
  3208 | D:5      | Entered Level 5 of the Dungeon
  3288 | D:5      | Noticed an ice beast
  3304 | D:5      | Killed an ice beast
  3305 | D:5      | Reached skill level 6 in Axes
  3305 | D:5      | Reached XP level 7. HP: 26/61 MP: 6/6
  3536 | D:5      | Noticed a wyvern
  3542 | D:5      | Killed a wyvern
  3593 | D:5      | Reached skill level 7 in Axes
  3600 | D:5      | HP: 1/63 [orc priest/nerve-wracking pain (14)]
  3602 | D:5      | Slain by an orc priest

Illustrated notes

Levels and vault maps discovered:
D:1:      dpeg_arrival_arbitrary_a, layout_rooms, minmay_misc_feat_cross
D:2:      layout_loops_cross, minmay_liquid_box
D:3:      layout_loops_ring, bloody_makhleb, nemelex_diamond_rough_becter,
          serial_shops, shop, chequers_serial_rivers_large_a, uniq_jessica
D:4:      layout_basic
D:5:      layout_rooms

Skill      XL: |  1  2  3  4  5  6  7 |
---------------+----------------------+-----
Axes           | 3 4 5 6 7 |  7.0
Fighting       | 4 5 6 |  6.0
Armour         | 4 5 |  5.9
Shields        | 4 5 |  5.9

Action                     |  1- 3 |  4- 6 |  7- 9 || total
---------------------------+-------+-------+-------++-------
  Melee: War axe           |    58 |   128 |    42 ||   228
         Headbutt          |     6 |    19 |     9 ||    34
 Armour: Scale mail        |    41 |    85 |    23 ||   149
  Dodge: Dodged            |    21 |    71 |    15 ||   107
  Block: Buckler           |    13 |    41 |     6 ||    60
